 Dungeon Crawl Stone Soup version 0.28-a0-563-gf77a47075d (webtiles) character file.

Game seed: 557859210497704367

5950 iamoutofideas the Cleaver (level 10, -4/90 HPs)
             Began as a Yellow Draconian Berserker on Sept 30, 2021.
             Was an Elder of Trog.
             Slain by a gnoll shaman (8 damage)
             ... on level 9 of the Dungeon.
             The game lasted 00:13:57 (13266 turns).

iamoutofideas the Cleaver (DrBe)                   Turns: 13266, Time: 00:13:57

Health: -4/90      AC:  7    Str: 22    XL:     10   Next: 54%
Magic:  10/10      EV: 14    Int:  8    God:    Trog [****..]
Gold:   469        SH:  0    Dex: 11    Spells: 9/9 levels left

rFire   . . .      SeeInvis .   a - +0 hand axe
rCold   . . .      Faith    .   (no shield)
rNeg    . . .      Spirit   .   (armour unavailable)
rPois   .          Reflect  .   (helmet restricted)
rElec   .          Harm     .   (no cloak)
rCorr   +          Rampage  .   (no gloves)
Will    ++...                   (no boots)
Stlth   +.........              (no amulet)
HPRegen 1.25/turn               (no ring)
MPRegen 0.12/turn               (no ring)

@: strong-willed, on berserk cooldown, regenerating, slowed, very slow
A: spit acid, AC +7, unfitting armour, cold-blooded, acid resistance
a: Breathe Acid, Renounce Religion, Berserk, Trog's Hand, Brothers in Arms


You were on level 9 of the Dungeon.
You worshipped Trog.
Trog was greatly pleased with you.
You visited 2 branches of the dungeon, and saw 10 of its levels.
You also visited: Sewer.

You collected 562 gold pieces.
You spent 93 gold pieces at shops.

Inventory:

Hand Weapons
 a - a +0 hand axe (weapon)
 C - a +0 war axe
Missiles
 n - 3 curare-tipped darts (quivered)
 o - 29 poisoned darts
Jewellery
 B - a +6 ring of dexterity
Wands
 m - a wand of polymorph (9)
 t - a wand of flame (10)
 u - a wand of iceblast (2)
Scrolls
 d - 5 scrolls of teleportation
 e - 3 scrolls of immolation
 g - a scroll of blinking
 l - 2 scrolls of fear
 p - 2 scrolls of amnesia
 r - a scroll of brand weapon {unknown}
 s - a scroll of vulnerability {unknown}
 v - a scroll of fog {unknown}
 w - a scroll of magic mapping {unknown}
 y - 6 scrolls of identify
Potions
 b - 2 potions of resistance {unknown}
 c - a potion of berserk rage {unknown}
 f - 3 potions of ambrosia
 h - a potion of lignification {unknown}
 i - 2 potions of curing
 j - 2 potions of brilliance {unknown}
 k - a potion of experience {unknown}
 q - a potion of haste {unknown}
 x - a potion of degeneration {unknown}
 z - a potion of flight {unknown}
 A - a potion of magic {unknown}


   Skills:
 + Level 8.9 Fighting
 + Level 11.6 Axes
 + Level 8.2 Dodging
 + Level 0.4 Evocations


You had 9 spell levels left.
You didn't know any spells.
Your spell library was empty.

Dungeon Overview and Level Annotations

Branches:
Dungeon (9/15)             Temple (1/1) D:4            Lair (0/6) D:9
  Sewer (visited)
    Orc: D:9-12

Altars:
Ashenzari
Cheibriados
Dithmenos
Elyvilon
Fedhas
Gozag
Hepliaklqana
Kikubaaqudgha
Makhleb
Nemelex Xobeh
Okawaru
Qazlal
Ru
Sif Muna
Trog
Uskayaw
Vehumet
Wu Jian
Xom
Yredelemnul
Zin
The Shining One

Shops:
D:2 ?

Annotations:
D:8 1 runed translucent door, robertstho's ghost, novice DjFE


Innate Abilities, Weirdness & Mutations

You can spit globs of acid.
Your golden yellow scales are hard. (AC +7)
You cannot fit into any form of body armour.
You are cold-blooded and may be slowed by cold attacks.
You are resistant to acid. (rCorr)


Message History

You close the door.
A gnoll opens the door.
You close the door.
A gnoll shaman opens the door.
You close the door.
A gnoll shaman opens the door.
You close the door.
A gnoll shaman opens the door.
There's a creature in the doorway!
You hit the gnoll shaman.
The gnoll shaman is moderately wounded.
The gnoll shaman completely misses you.
You hit the gnoll shaman but do no damage.
The gnoll shaman is moderately wounded.
The gnoll misses you.
The gnoll shaman calls upon its god to speed up the gnoll.
The gnoll seems to speed up.
The gnoll barely misses you.
The gnoll shaman hits you with a +0 whip.
* * * LOW HITPOINT WARNING * * *
Your skin crawls.
You feel strong-willed.
The gnoll hits you from afar with a +0 spear.
* * * LOW HITPOINT WARNING * * *
The gnoll shaman hits you with a +0 whip.
* * * LOW HITPOINT WARNING * * *
The gnoll hits you from afar with a +0 spear.
* * * LOW HITPOINT WARNING * * *
You fail to use your ability.
The gnoll misses you.
The gnoll shaman hits you with a +0 whip!
* * * LOW HITPOINT WARNING * * *
The gnoll closely misses you.
The gnoll shaman hits you with a +0 whip.
* * * LOW HITPOINT WARNING * * *
You feel better. The gnoll closely misses you.
The gnoll hits you but does no damage.
The gnoll shaman hits you with a +0 whip.
* * * LOW HITPOINT WARNING * * *
The gnoll hits you from afar with a +0 spear.
* * * LOW HITPOINT WARNING * * *
Unknown command.
The gnoll hits you from afar with a +0 spear.
* * * LOW HITPOINT WARNING * * *
The gnoll shaman hits you with a +0 whip!
You die...

#.####.# #..# .# .#
#..# ## #.## #.#
#.# ##+####.###
..........#
#.........#####
#......@gg'g).#
#........g###......
#.........# #....
+.........# ...
#.........# #
#.........#
###########


You could see a gnoll shaman and 3 gnolls.

Vanquished Creatures
  A hornet (D:9)
  Grinder (D:4)
  3 trolls
  A shadow (D:8)
  4 yaks (D:8)
  2 steam dragons (D:8)
  3 water moccasins
  Duvessa (D:7)
  2 black bears (D:7)
  A hornet zombie (D:8)
  An orc warrior (D:7)
  An ice beast (D:6)
  A necrophage (D:7)
  An ogre (D:6)
  5 centaurs
  A phantom (D:5)
  Blork the orc (D:6)
  4 bullfrogs
  6 kobold brigands
  A wyvern zombie (D:6)
  3 scorpions
  Dowan (D:7)
  A water moccasin skeleton (D:6)
  11 killer bees (D:8)
  2 centaur zombies
  2 jellies
  A gnoll shaman (D:5)
  3 orc priests
  3 hounds
  A bullfrog skeleton (D:5)
  Ijyb (D:5)
  Natasha (thrice) (D:4)
  2 iguanas (D:5)
  An orc wizard (D:4)
  A howler monkey zombie (D:9)
  5 gnolls
  A howler monkey skeleton (D:7)
  A river rat (D:4)
  13 adders
  An ufetubus (D:6)
  8 worms
  2 dart slugs (D:2)
  27 orcs
  8 ball pythons
  11 endoplasms
  3 giant cockroaches (D:4)
  8 goblins
  3 hobgoblins
  4 jackals (D:1)
  4 quokkas
  8 bats
  4 frilled lizards
  9 kobolds
  5 rats
202 creatures vanquished.

Vanquished Creatures (others)
  A fungus (D:1)
  A plant (D:2)
  5 toadstools (D:4)
7 creatures vanquished.

Grand Total: 209 creatures vanquished

Notes
Turn   | Place    | Note
-------+----------+-------------------------------------------
     0 | D:1      | iamoutofideas the Draconian Berserker began the quest for
                  | the Orb.
     0 | D:1      | Reached XP level 1. HP: 19/19 MP: 1/1
   210 | D:1      | Reached XP level 2. HP: 16/26 MP: 2/2
   345 | D:1      | Found a faded altar of an unknown god.
  1033 | D:2      | Reached XP level 3. HP: 29/33 MP: 3/3
  1478 | D:2      | Reached ** piety under Trog
  1483 | D:2      | Found Gitsunk's Magic Scroll Shoppe.
  1487 | D:2      | Bought a scroll of identify for 22 gold pieces
  1487 | D:2      | Bought a scroll of teleportation for 33 gold pieces
  1487 | D:2      | Bought a scroll of immolation for 38 gold pieces
  1819 | D:2      | Reached skill level 4 in Axes
  1867 | D:2      | Reached XP level 4. HP: 38/40 MP: 4/4
  2180 | D:3      | Found a stormy altar of Qazlal.
  2357 | D:3      | Found an opulent altar of Gozag.
  2660 | D:4      | Reached XP level 5. HP: 22/46 MP: 5/5
  2712 | D:4      | Found a glowing drain.
  2769 | Sewer    | Entered a sewer
  3193 | Sewer    | Reached skill level 5 in Axes
  3442 | Sewer    | Reached XP level 6. HP: 53/53 MP: 6/6
  4012 | Sewer    | Reached *** piety under Trog
  4110 | Sewer    | Reached skill level 6 in Axes
  4570 | Sewer    | Reached skill level 5 in Fighting
  4572 | Sewer    | Your scales start taking on a golden yellow colour.
  4572 | Sewer    | Reached XP level 7. HP: 34/61 MP: 7/7
  4572 | Sewer    | Gained mutation: You are resistant to acid. (rCorr) [Yellow
                  | Draconian growth]
  5399 | D:4      | Noticed Natasha
  5410 | D:4      | Killed Natasha
  5456 | D:4      | Found a blossoming altar of Fedhas.
  5485 | D:4      | Found a staircase to the Ecumenical Temple.
  5498 | D:4      | Reached skill level 7 in Axes
  5509 | Temple   | Entered the Ecumenical Temple
  5967 | D:4      | Noticed Natasha
  5977 | D:4      | Killed Natasha
  6223 | D:4      | Noticed Grinder
  6225 | D:4      | Paralysed by Grinder for 2 turns
  6231 | D:4      | Killed Grinder
  6232 | D:4      | Reached skill level 5 in Dodging
  6232 | D:4      | Reached XP level 8. HP: 70/70 MP: 8/8
  6416 | D:4      | Noticed Natasha
  6423 | D:4      | Killed Natasha
  6582 | D:5      | Entered Level 5 of the Dungeon
  6682 | D:5      | Found a large runed translucent door.
  6682 | D:5      | Found a large runed translucent door.
  7196 | D:5      | Reached skill level 8 in Axes
  7243 | D:5      | Noticed Ijyb
  7251 | D:5      | Killed Ijyb
  7333 | D:5      | Found a snail-covered altar of Cheibriados.
  7908 | D:5      | Found a hide-covered altar of Uskayaw.
  7921 | D:5      | Found an ancient bone altar of Kikubaaqudgha.
  7992 | D:6      | Noticed a troll
  8001 | D:6      | Killed a troll
  8136 | D:6      | Reached **** piety under Trog
  8165 | D:6      | Reached skill level 9 in Axes
  8784 | D:6      | Reached XP level 9. HP: 66/78 MP: 9/9
  8984 | D:6      | Found the +27 Lear's hauberk
  9127 | D:6      | Noticed Blork the orc
  9143 | D:6      | Killed Blork the orc
 10270 | D:7      | Noticed Dowan
 10271 | D:7      | Noticed Duvessa
 10287 | D:7      | Reached skill level 10 in Axes
 10293 | D:7      | Killed Duvessa
 10324 | D:7      | Killed Dowan
 10512 | D:7      | Noticed a troll
 10527 | D:7      | Killed a troll
 10856 | D:8      | Noticed robertstho's ghost (novice DjFE)
 11116 | D:8      | Found a runed translucent door.
 11193 | D:8      | Reached XP level 10. HP: 88/88 MP: 10/10
 11201 | D:8      | Reached skill level 11 in Axes
 12192 | D:8      | HP: 4/90 [steam dragon/ball of steam (18)]
 12772 | D:9      | Found a staircase to the Lair.
 13227 | D:9      | Paralysed by a hornet for 2 turns
 13264 | D:9      | HP: 1/90 [gnoll shaman (5)]
 13266 | D:9      | Slain by a gnoll shaman

Illustrated notes

Levels and vault maps discovered:
D:1:      scummos_arrival_checkerplants, layout_basic, basic_ecumenical_altar
D:2:      cheibrodos_old_hovel, layout_loops_ring, serial_shops,
          nicolae_shop_trees
D:3:      layout_rooms, grunt_qazlal_sundering, grunt_gozag_statues
D:4:      layout_loops_corners, fedhas_altar_2, minmay_temple_entry_arrows,
          gup_sewer_entry_spiral, kennysheep_pointless_box,
          minmay_gold_behind_fungi, uniq_natasha, uniq_grinder
D:5:      layout_basic, jmf_multi_god_temple2, cheibriados_altar_1, uniq_ijyb
D:6:      layout_basic, minmay_misc_feat_pillars, hellmonk_guarded_unrand_lears,
          uniq_blork_the_orc
D:7:      layout_loops_corners, uniq_duvessa
D:8:      layout_rooms, hellmonk_ghost_happy_afterlife
D:9:      layout_roguey, lair_entry_dummy, grunt_tough_drop
Temple:   eino_temple_scatter_basement

Skill      XL: |  1  2  3  4  5  6  7  8  9 10 |
---------------+-------------------------------+-----
Dodging        | 3 4 5 7 8 |  8.2
Axes           | 4 5 6 7 9 10 11 | 11.6
Fighting       | 4 5 6 8 |  8.9
Evocations     | |  0.4

Action                   |  1- 3 |  4- 6 |  7- 9 | 10-12 || total
-------------------------+-------+-------+-------+-------++-------
Melee: Hand axe          |   146 |   252 |   439 |   144 ||   981
       Tailslap          |    17 |    19 |    62 |    18 ||   116
Invok: Berserk           |       |     9 |    17 |     5 ||    31
       Trog's Hand       |       |       |       |     2 ||     2
 Abil: Breathe Acid      |       |       |       |     1 ||     1
Evoke: Wand              |       |       |       |     4 ||     4
  Use: Scroll            |       |     1 |     4 |       ||     5
       Potion            |       |       |       |     5 ||     5
Armor: Skin              |    46 |    60 |   102 |    51 ||   259
Dodge: Dodged            |   114 |   126 |   283 |   142 ||   665

Table legend: (Time is in decaauts)
 A = Elapsed time spent in this place.
 B = Non-inter-level travel time spent in this place.
 C = Inter-level travel time spent in this place.
 D = Time resting spent in this place.
 E = Time spent auto-exploring this place.
 F = Levels seen in this place.
 G = Mean time per level.
                   A        B        C        D        E       F      G
               +--------+--------+--------+--------+--------+-----+--------+
         Total |  13722 |  13390 |    332 |   2943 |   8626 |  11 | 1247.5 |
       Dungeon |  11146 |  10832 |    314 |   2252 |   7139 |   9 | 1238.4 |
        Temple |    206 |    188 |     18 |      0 |    173 |   1 |  206.0 |
         Sewer |   2370 |   2370 |      0 |    691 |   1314 |   1 | 2370.0 |
               +--------+--------+--------+--------+--------+-----+--------+

Top non-repeatable levels by time:
   Sewer: 2370 daAuts
     D:4: 1820 daAuts
     D:7: 1678 daAuts
     D:8: 1595 daAuts
     D:6: 1530 daAuts
     D:5: 1445 daAuts
     D:2: 1008 daAuts
     D:1: 983 daAuts
     D:3: 579 daAuts
     D:9: 505 daAuts
  Temple: 206 daAuts
